 Dungeon Crawl Stone Soup version 0.28-a0-1292-gb4563b27b3 (webtiles) character file.

Game seed: 11951285649771009135

28 Cheeritup the Insei (level 3, -2/26 HPs)
             Began as a Merfolk Transmuter on Dec 27, 2021.
             Slain by a gnoll (4 damage)
             ... on level 3 of the Dungeon.
             The game lasted 00:10:44 (1729 turns).

Cheeritup the Insei (Merfolk Transmuter)            Turns: 1729, Time: 00:10:44

Health: -2/26      AC:  3    Str: 12    XL:     3   Next: 12%
Magic:  3/6        EV: 12    Int: 12    God:
Gold:   28         SH:  0    Dex: 14    Spells: 3/6 levels left

rFire   . . .      SeeInvis .     - Unarmed
rCold   . . .      Faith    .   (no shield)
rNeg    . . .      Spirit   .   d - +0 leather armour
rPois   .          Reflect  .   (helmet currently unavailable)
rElec   .          Harm     .   (no cloak)
rCorr   .          Rampage  .   (no gloves)
Will    .....                   (boots currently unavailable)
Stlth   +.........              (no amulet)
HPRegen 0.08/turn               (no ring)
MPRegen 0.10/turn               (no ring)

@: appendages, very slightly contaminated
A: horns 2, (nimble swimmer 2), mertail
a: End Transformation


You were on level 3 of the Dungeon.
You had temporarily grown beastly horns.
You visited 1 branch of the dungeon, and saw 3 of its levels.

You collected 28 gold pieces.

Inventory:

Armour
 a - a +0 robe
 d - a +0 leather armour (worn)
Scrolls
 c - a scroll of fear {unknown}
 e - a scroll of identify {unknown}
 g - a scroll of enchant weapon {unknown}
Potions
 b - a potion of curing {unknown}
 f - 2 potions of invisibility {unknown}
 h - a potion of ambrosia {unknown}


   Skills:
 * Level 1.3 Fighting
 - Level 0.8 Polearms
 * Level 2.8 Dodging
 * Level 4.1 Unarmed Combat
 * Level 2.1 Spellcasting
 * Level 3.0 Transmutations


You had 3 spell levels left.
You knew the following spells:

 Your Spells              Type           Power      Damage    Failure   Level
a - Beastly Appendage     Tmut           16%        N/A       10%         1
b - Wereblood             Tmut           8%         N/A       16%         2

Your spell library contained the following spells:

 Spells                   Type           Power      Damage    Failure   Level
 Spider Form              Tmut/Pois      4%         N/A       50%         3
 Ice Form                 Ice/Tmut       4%         N/A       88%         4


Dungeon Overview and Level Annotations

Branches:
Dungeon (3/15)

Altars:

Shops:
D:3 =


Innate Abilities, Weirdness & Mutations

You have temporarily grown beastly horns.
((You are very nimble when in or above water. (Stealth+, EV+, Speed+++)))
Your lower body shifts to a powerful aquatic tail in water.


Message History

An orc comes into view. It is wielding a +0 short sword.
The orc shouts!
A frilled lizard comes into view.
The orc barely misses you.
A hobgoblin and 2 orcs come into view.
The orc shouts! x2; The hobgoblin shouts!
The goblin shouts!
The goblin drinks a potion.
The goblin suddenly seems more resistant.
The frilled lizard misses you.
Casting: Beastly Appendage (safe; 10% risk of failure)
Press: ? - help, Q - select action, (/) - cycle Dir - look around, f - activate You grow a pair of large bovine horns.
The frilled lizard closely misses you. The orc hits you with a +0 short sword.
* * * LOW HITPOINT WARNING * * *
The orc barely misses you. The frilled lizard misses you. The orc misses you.
The frilled lizard bites you.
* * * LOW HITPOINT WARNING * * *
Casting: Wereblood (safe; 16% risk of failure)
Press: ? - help, Q - select action, (/) - cycle Dir - look around, f - activate You miscast Wereblood.
You are very lightly contaminated with residual magic.
Nothing appears to happen.
The frilled lizard bites you.
* * * LOW HITPOINT WARNING * * *
The orc hits you with a +0 hand axe.
* * * LOW HITPOINT WARNING * * *
The frilled lizard bites you but does no damage.
You miss the frilled lizard. The frilled lizard barely misses you.
The orc hits you with a +0 hand axe.
* * * LOW HITPOINT WARNING * * *
The frilled lizard misses you.
You hit the frilled lizard.
You kill the frilled lizard!
The frilled lizard barely misses you. The orc barely misses you.
Your Transmutations skill increases to level 3!
You hit the gnoll.
The gnoll is lightly wounded.
The frilled lizard closely misses you. The gnoll hits you with a +0 flail.
You die...

...#
####.######..#
...#
#$........#....#
...#
#.........#.#..#
...#
##+####...+....#
..... ...
#...#....# .....
.... #gKg######
..... #...#ooS#
.....


#.ggSog# ..#.. #...#ol@# #.# . ...g.##### .# .... #'## #. You could see 3
gnolls, an adder, 4 orcs, a hobgoblin, a goblin (resistant), a ball python, a
kobold and a frilled lizard.

Vanquished Creatures
  A worm (D:2)
  A dart slug (D:1)
  A ball python (D:2)
  3 endoplasms
  A giant cockroach (D:1)
  A goblin (D:1)
  2 hobgoblins
  4 bats (D:1)
  A frilled lizard (D:3)
  3 kobolds (D:1)
  4 rats (D:1)
22 creatures vanquished.

Notes
Turn   | Place    | Note
-------+----------+-------------------------------------------
     0 | D:1      | Cheeritup the Merfolk Transmuter began the quest for the
                  | Orb.
     0 | D:1      | Reached XP level 1. HP: 15/15 MP: 3/3
   682 | D:1      | Reached XP level 2. HP: 18/21 MP: 5/5
   689 | D:1      | Learned a level 2 spell: Wereblood
  1039 | D:1      | You fall into a shaft and drop 1 floor!
  1088 | D:2      | Reached skill level 4 in Unarmed Combat
  1287 | D:2      | Reached XP level 3. HP: 16/26 MP: 3/6
  1610 | D:3      | Found Roac's Jewellery Shop.
  1727 | D:3      | HP: 1/26 [orc (2)]
  1729 | D:3      | Slain by a gnoll

Illustrated notes

Levels and vault maps discovered:
D:1:      lemuel_arrival_broad_hall, layout_loops_corners
D:2:      layout_loops_ring, nicolae_figureground_sparkle
D:3:      layout_basic, mainiacjoe_overflow_24_doors, serial_shops,
          nicolae_diamond_shop, gammafunk_ghost_grave, kennysheep_generic_room_8

Skill      XL: |  1  2  3 |
---------------+----------+-----
Unarmed Combat | 4 |  4.1
Transmutations | 3 |  3.0
Fighting       | |  1.3
Polearms       | |  0.8
Dodging        | |  2.8
Spellcasting   | |  2.1

Action                   || total
-------------------------++-------
Melee: Unarmed           ||    72
       Punch             ||     3
       Headbutt          ||     1
 Cast: Beastly Appendage ||     9
       Wereblood         ||     1
  Use: Scroll            ||     1
Armor: Robe              ||    11
       Leather armour    ||    18
Dodge: Dodged            ||    64

Table legend: (Time is in decaauts)
 A = Elapsed time spent in this place.
 B = Non-inter-level travel time spent in this place.
 C = Inter-level travel time spent in this place.
 D = Time resting spent in this place.
 E = Time spent auto-exploring this place.
 F = Levels seen in this place.
 G = Mean time per level.
                   A        B        C        D        E       F      G
               +--------+--------+--------+--------+--------+-----+--------+
         Total |   1724 |   1724 |      0 |    472 |    805 |   3 |  574.7 |
       Dungeon |   1724 |   1724 |      0 |    472 |    805 |   3 |  574.7 |
               +--------+--------+--------+--------+--------+-----+--------+

Top non-repeatable levels by time:
     D:1: 1030 daAuts
     D:2: 572 daAuts
     D:3: 121 daAuts
